 Dungeon Crawl Stone Soup version 0.31.0-11-ge490571c62 (webtiles) character file.

Game seed: 9152761657573284799

92 qw the Shooter (level 4, 0/25 HPs)
             Began as a Deep Elf Hunter on Feb 3, 2024.
             Slain by Pargi (1 damage)
             ... on level 3 of the Dungeon.
             The game lasted 00:00:33 (1756 turns).

qw the Shooter (Deep Elf Hunter)                    Turns: 1756, Time: 00:00:33

Health: 0/25       AC:  3    Str: 10    XL:     4   Next: 35%
Magic:  6/6        EV: 12    Int: 14    God:
Gold:   79         SH:  0    Dex: 18    Spells: 3/3 levels left

rFire   . . .        a - +0 shortbow
rCold   . . .        (shield currently unavailable)
rNeg    . . .        c - +0 leather armour
rPois   .            (no helmet)
rElec   .            (no cloak)
rCorr   .            (no gloves)
SInv    +            (no boots)
Will    .....        (no amulet)
Stlth   ++           d - ring of see invisible
HPRegen 0.24/turn    (no ring)
MPRegen 0.10/turn

%: no passive effects
@: no status effects
A: no striking features
a: no special abilities


You were on level 3 of the Dungeon.
You visited 1 branch of the dungeon, and saw 3 of its levels.

You collected 79 gold pieces.


   Skills:
 - Level 1.5 Fighting
 + Level 7.8 Ranged Weapons
 - Level 2.4 Dodging
 - Level 1.2 Stealth


You had 3 spell levels left.
You didn't know any spells.
Your spell library was empty.

Inventory:

Hand Weapons
 a - a +0 shortbow (weapon)
Armour
 c - a +0 leather armour (worn)
Jewellery
 d - a ring of see invisible (left hand)
Scrolls
 e - a scroll of identify
Potions
 f - a potion of berserk rage {unknown}
 g - a potion of curing {unknown}
 h - a potion of enlightenment

Dungeon Overview and Level Annotations

Branches:
Dungeon (3/15)

Altars:

Annotations:
D:3 Pargi


Message History

You shoot an arrow. The arrow hits Pargi.
Pargi is lightly wounded.
Pargi bites you. Pargi barely misses you. Pargi claws you.
You shoot an arrow. The arrow closely misses Pargi.
Pargi closely misses you. x2; Pargi barely misses you.
You shoot an arrow. The arrow hits Pargi.
Pargi is moderately wounded.
Pargi bites you. Pargi claws you. Pargi barely misses you.
1747 ||| DRINKING potion of heal wounds.
You feel much better. Pargi misses you. Pargi closely misses you.
Pargi claws you but does no damage.
You shoot an arrow. The arrow closely misses Pargi.
Pargi bites you. Pargi claws you. x2
You shoot an arrow. The arrow hits Pargi.
Pargi is moderately wounded.
Pargi closely misses you. Pargi barely misses you. x2
You shoot an arrow. The arrow barely misses Pargi.
Pargi bites you. Pargi claws you. Pargi claws you but does no damage.
You shoot an arrow. The arrow hits Pargi.
Pargi is heavily wounded.
Pargi barely misses you. Pargi claws you. Pargi barely misses you.
You shoot an arrow.
The arrow hits Pargi but does no damage.
Pargi is moderately wounded.
Pargi barely misses you. Pargi claws you. Pargi barely misses you.
You shoot an arrow.
The arrow hits Pargi but does no damage.
Pargi is moderately wounded.
Pargi misses you. Pargi claws you but does no damage. Pargi claws you.
You shoot an arrow. The arrow barely misses Pargi.
Pargi barely misses you. Pargi claws you. Pargi claws you but does no damage.
Pargi bites you. Pargi closely misses you. Pargi barely misses you.
You shoot an arrow. The arrow hits Pargi.
Pargi is moderately wounded.
Pargi hisses menacingly.
Pargi completely misses you. Pargi claws you but does no damage.
Pargi claws you.
You shoot an arrow. The arrow closely misses Pargi.
Pargi bites you. Pargi claws you.
You die...

#...# #..#..###.#
.##...### ##.#...##.# .
.......####..?#.##.# ..
#........##..#....# ...
#.>......###.###..#
....##...#..............
..............##..###...
..............##..####..
.......@###........# #..
....###T..#...#......#..
... .##.....#.#.##.... .
.. ##.............. ...
#.<.............
#......###.###.......
....#.. ... ......
....... ... ......


You could see Pargi.

Vanquished Creatures
  A gnoll (D:1)
  4 adders
  A dart slug (D:2)
  2 bats
  6 endoplasms
  3 giant cockroaches
  6 goblins
  3 hobgoblins
  A kobold (D:1)
  4 quokkas
  6 ball pythons
  2 frilled lizards (D:2)
  3 rats
42 creatures vanquished.

Notes
Turn   | Place    | Note
-------+----------+-------------------------------------------
     0 | D:1      | qw the Deep Elf Hunter began the quest for the Orb.
     0 | D:1      | Reached XP level 1. HP: 12/12 MP: 3/3
     0 | D:1      | 0 ||| qw: Version: 0.3-a-155-g5e7d8dd
     0 | D:1      | 0 ||| qw: Game counter: 3135
     0 | D:1      | 0 ||| qw: Melee chars always use a shield: true
     0 | D:1      | 0 ||| qw: God list: Okawaru
     0 | D:1      | 0 ||| qw: Allow faded altars: false
     0 | D:1      | 0 ||| qw: Do Orc after clearing Dungeon:15 true
     0 | D:1      | 0 ||| qw: Do second Lair branch before Depths: true
     0 | D:1      | 0 ||| qw: Lair rune preference: random
     0 | D:1      | 0 ||| qw: Goals: Normal
     0 | D:1      | 0 ||| PLANNING D:1-11
    10 | D:1      | Reached skill level 6 in Ranged Weapons
    10 | D:1      | Reached XP level 2. HP: 16/16 MP: 4/4
   345 | D:1      | Reached XP level 3. HP: 20/20 MP: 5/5
   647 | D:1      | 647 ||| DROPPING amulet of magic regeneration.
   648 | D:1      | 648 ||| READING scroll labelled PUATWAGHOM.
   749 | D:1      | 749 ||| READING scroll labelled HETWYN BUFROO.
   750 | D:1      | 750 ||| READING scroll labelled HUEPPIPHITS.
   750 | D:1      | 750 ||| IDENTIFYING smoky red potion
   751 | D:1      | 751 ||| READING scroll labelled LYIDIE KASE.
   752 | D:1      | 752 ||| READING scroll labelled HEOKHL SUGODWO.
   753 | D:1      | 753 ||| DROPPING scroll of butterflies.
   922 | D:2      | Reached skill level 7 in Ranged Weapons
  1060 | D:2      | Reached XP level 4. HP: 11/25 MP: 6/6
  1172 | D:2      | Found a faded altar of an unknown god.
  1230 | D:2      | 1230 ||| STAIRDANCE
  1253 | D:1      | 1253 ||| UPGRADING to ring of see invisible.
  1254 | D:1      | 1254 ||| READING scroll of identify.
  1254 | D:1      | 1254 ||| IDENTIFYING 2 fizzy pink potions
  1255 | D:1      | 1255 ||| READING scroll labelled TIAKYST WYIZY.
  1256 | D:1      | 1256 ||| DRINKING 2 pink potions.
  1296 | D:1      | 1296 ||| DROPPING potion of lignification.
  1730 | D:3      | Noticed Pargi
  1740 | D:3      | HP: 4/25 [Pargi (4)]
  1741 | D:3      | 1741 ||| DRINKING 2 potions of heal wounds.
  1746 | D:3      | HP: 6/25 [Pargi (1)]
  1747 | D:3      | 1747 ||| DRINKING potion of heal wounds.
  1754 | D:3      | HP: 6/25 [Pargi (3)]
  1756 | D:3      | HP: 1/25 [Pargi (2)]
  1756 | D:3      | Slain by Pargi

Levels and vault maps discovered:
D:1:      psy_arrival_dodecagon, layout_basic
D:2:      layout_loops_ring, dreamdust_ecumenical_altar_angels_and_demons,
          chequers_serial_rivers_small_b, grunt_ministairs_11
D:3:      layout_rooms, nicolae_kikubaaqudgha_miasma_corner,
          nicolae_overflow_macrodata_refinement, uniq_natasha, uniq_pargi,
          uniq_crazy_yiuf_cottage

Skill      XL: |  1  2  3 |
---------------+----------+-----
Ranged Weapons | 6 7 |  7.8
Fighting       | |  1.5
Dodging        | |  2.4
Stealth        | |  1.2

Action                     |  1- 3 |  4- 6 || total
---------------------------+-------+-------++-------
   Fire: Shortbow          |    94 |    53 ||   147
    Use: Scroll            |     5 |     2 ||     7
         Potion            |       |     3 ||     3
 Armour: Leather armour    |    20 |    44 ||    64
  Dodge: Dodged            |    34 |    29 ||    63

Table legend:
 A = Non-vault XP
 B = Vault XP
 C = Vault XP percentage of total XP
 D = Non-vault monster count
 E = Vault monster count
 F = Vault count percentage of total count
                 A         B        C        D         E       F
            +---------+---------+-------+---------+---------+-------
      Total |     117 |      15 |  11.4 |      40 |       2 |   4.8
            +---------+---------+-------+---------+---------+-------
        D:1 |      63 |       0 |   0.0 |      22 |       0 |   0.0
        D:2 |      43 |      15 |  25.9 |      12 |       2 |  14.3
        D:3 |      11 |       0 |   0.0 |       6 |       0 |   0.0
            +---------+---------+-------+---------+---------+-------
